 Dungeon Crawl Stone Soup version 0.26.0-10-g1f06aea511 (webtiles) character file.

Game seed: 9921189642438471794

2251251 Raspi the Conqueror (level 27, 273/273 HPs)
             Began as a Hill Orc Fighter on Jan 18, 2021.
             Was the Champion of Qazlal.
             Escaped with the Orb
             ... and 4 runes!
             The game lasted 06:10:25 (76985 turns).

Raspi the Conqueror (Hill Orc Fighter)             Turns: 76985, Time: 06:10:26

Health: 273/273    AC: 35    Str: 31    XL:     27
Magic:  39/39      EV: 20    Int:  8    God:    Qazlal [******]
Gold:   3979       SH: 44    Dex: 15    Spells: 26/26 levels left

rFire    + + +     SeeInvis +   S - +7 broad axe (vorpal)
rCold    + + .     Faith    .   W - +8 tower shield {rC+}
rNeg     + + +     Spirit   .   K - +5 plate armour of Indomitability {Regen+ rCorr Dex-3 Slay+6}
rPois    +         Reflect  .   M - -2 hat of the Alchemist {rElec rPois rF+ rC+ rN+ Will+ rMut rCorr}
rElec    +         Harm     .   a - +2 cloak
rCorr    +         Rampage  .   X - +3 pair of gloves of Context {rF+}
rMut     +         Clarity  +   Q - +2 pair of boots {run}
Will     +++++                  g - amulet of the Four Winds {rN+ Will+++ Clar}
Stlth    ..........             y - ring of Tauv {rF+ rN+ Str+3}
HPRegen  0.95/turn              r - ring of Cackewod {rPois rF+ Dex+2 SInv}
MPRegen  0.26/turn

@: repel missiles, quick
A: agile 1
0: Orb of Zot
}: 4/15 runes: decaying, serpentine, slimy, silver
a: Renounce Religion, Upheaval, Elemental Force, Disaster Area


You escaped.
You worshipped Qazlal.
Qazlal was exalted by your worship.
You visited 11 branches of the dungeon, and saw 55 of its levels.
You also visited: Ice Cave, Volcano and Desolation.

You collected 9340 gold pieces.
You spent 5361 gold pieces at shops.

Inventory:

Hand Weapons
 S - a +7 vorpal broad axe (weapon)
Missiles
 u - 14 curare-tipped darts
 B - 171 poisoned darts (quivered)
 R - 4 throwing nets
Armour
 a - a +2 cloak (worn)
 K - the +5 plate armour of Indomitability (worn) {Regen+ rCorr Dex-3 Slay+6}
   (You took it off a deep elf high priest on level 3 of the Elven Halls)

   It affects your dexterity (-3).
   It affects your accuracy and damage with ranged weapons and melee attacks
   (+6).
   It increases your rate of regeneration.
   It provides partial protection from all sources of acid and corrosion.
 M - the -2 hat of the Alchemist (worn) {rElec rPois rF+ rC+ rN+ Will+ rMut rCorr}
   (You bought it in a shop on level 3 of the Elven Halls)

   It protects you from fire.
   It protects you from cold.
   It insulates you from electricity.
   It protects you from poison.
   It protects you from negative energy.
   It affects your willpower, your defense against some magical effects.
   It provides partial protection from all sources of acid and corrosion.
   It protects you from mutation.
 Q - a +2 pair of boots of running (worn)
 W - a +8 tower shield of cold resistance (worn)
 X - the +3 pair of gloves of Context (worn) {rF+}
   (You bought it in a shop on level 2 of the Orcish Mines)

   It protects you from fire.
Jewellery
 b - an uncursed ring of fire
 g - the amulet of the Four Winds (around neck) {rN+ Will+++ Clar}
   (You found it on level 6 of the Lair of Beasts)

   [amulet of nothing]

   It protects you from negative energy.
   It affects your willpower, your defense against some magical effects.
   It protects you against confusion.
 r - the ring of Cackewod (right hand) {rPois rF+ Dex+2 SInv}
   (You found it on level 5 of the Pits of Slime)

   [ring of see invisible]

   It affects your dexterity (+2).
   It protects you from fire.
   It protects you from poison.
   It lets you see invisible.
 y - the ring of Tauv (left hand) {rF+ rN+ Str+3}
   (You acquired it on level 12 of the Dungeon)

   [ring of positive energy]

   It affects your strength (+3).
   It protects you from fire.
   It protects you from negative energy.
 V - a +4 ring of slaying
Wands
 d - a wand of iceblast (43)
 h - a wand of flame (143)
 j - a wand of disintegration (36)
 k - a wand of polymorph (8)
 t - a wand of acid (45)
 E - a wand of paralysis (62)
 L - a wand of enslavement (61)
 O - a wand of digging (2)
Scrolls
 l - 7 scrolls of fear
 o - 3 scrolls of silence
 q - 30 scrolls of teleportation
 s - 12 scrolls of identify
 x - 8 scrolls of immolation
 D - 36 scrolls of remove curse
 F - a scroll of amnesia
 G - 7 scrolls of blinking
 J - 2 scrolls of fog
 N - a scroll of enchant armour
 P - 3 scrolls of summoning
 Z - 2 scrolls of holy word
Potions
 e - 4 potions of cancellation
 i - 12 potions of curing
 n - 2 potions of haste
 p - 8 potions of lignification
 w - 13 potions of flight
 z - 8 potions of resistance
 C - a potion of might
 H - 2 potions of invisibility
 T - 8 potions of mutation
 U - 8 potions of heal wounds
Miscellaneous
 c - a box of beasts
 m - a condenser vane
 v - a lightning rod (4/4)
 A - a phantom mirror
 I - a phantom mirror


   Skills:
 O Level 27 Fighting
 - Level 19.3(19.6) Axes
 - Level 5.3(12.3) Polearms
 - Level 3.4 Slings
 - Level 20.7 Armour
 - Level 17.9 Dodging
 * Level 26.7 Shields
 - Level 24.7 Invocations
 - Level 12.0 Evocations


You had 26 spell levels left.
You didn't know any spells.
Your spell library contained the following spells:

 Spells                   Type           Power        Failure   Level
 Animate Skeleton         Necr           0%           85%         1
 Apportation              Tloc           0%           85%         1
 Beastly Appendage        Tmut           0%           85%         1
 Corona                   Hex            0%           85%         1
 Foxfire                  Conj/Fire      0%           85%         1
 Freeze                   Ice            0%           85%         1
 Magic Dart               Conj           0%           85%         1
 Pain                     Necr           0%           85%         1
 Shock                    Conj/Air       0%           85%         1
 Sting                    Tmut/Pois      0%           85%         1
 Summon Small Mammal      Summ           0%           85%         1
 Blink                    Tloc           N/A          94%         2
 Call Imp                 Summ           0%           94%         2
 Corpse Rot               Necr/Air       N/A          94%         2
 Ensorcelled Hibernation  Hex/Ice        0%           94%         2
 Passwall                 Tmut/Erth      0%           94%         2
 Poisonous Vapours        Pois/Air       0%           94%         2
 Slow                     Hex            0%           94%         2
 Sublimation of Blood     Necr           0%           94%         2
 Swiftness                Air            0%           94%         2
 Wereblood                Tmut           0%           94%         2
 Call Canine Familiar     Summ           0%           99%         3
 Confusing Touch          Hex            0%           99%         3
 Conjure Flame            Conj/Fire      0%           99%         3
 Dazzling Flash           Conj/Hex       0%           99%         3
 Frozen Ramparts          Ice            0%           99%         3
 Gell's Gravitas          Tloc           0%           99%         3
 Ignite Poison            Fire/Tmut/Pois 0%           99%         3
 Inner Flame              Hex/Fire       0%           99%         3
 Lesser Beckoning         Tloc           0%           99%         3
 Mephitic Cloud           Conj/Pois/Air  0%           99%         3
 Ozocubu's Armour         Ice            0%           99%         3
 Portal Projectile        Hex/Tloc       0%           99%         3
 Spider Form              Tmut/Pois      0%           99%         3
 Static Discharge         Conj/Air       0%           99%         3
 Summon Guardian Golem    Hex/Summ       0%           99%         3
 Teleport Other           Tloc           0%           99%         3
 Tukima's Dance           Hex            0%           99%         3
 Vampiric Draining        Necr           0%           99%         3
 Airstrike                Air            0%           100%        4
 Animate Dead             Necr           0%           100%        4
 Cause Fear               Hex            0%           100%        4
 Dispel Undead            Necr           0%           100%        4
 Hailstorm                Conj/Ice       0%           100%        4
 Ice Form                 Ice/Tmut       0%           100%        4
 Leda's Liquefaction      Hex/Erth       0%           100%        4
 Olgreb's Toxic Radiance  Pois           0%           100%        4
 Passage of Golubria      Tloc           N/A          100%        4
 Petrify                  Tmut/Erth      0%           100%        4
 Sticky Flame             Conj/Fire      0%           100%        4
 Summon Ice Beast         Ice/Summ       0%           100%        4
 Summon Lightning Spire   Summ/Air       0%           100%        4
 Agony                    Necr           0%           100%        5
 Alistair's Intoxication  Tmut/Pois      0%           100%        5
 Blade Hands              Tmut           0%           100%        5
 Bolt of Magma            Conj/Fire/Erth 0%           100%        5
 Borgnjor's Vile Clutch   Necr/Erth      0%           100%        5
 Excruciating Wounds      Necr           0%           100%        5
 Fireball                 Conj/Fire      0%           100%        5
 Irradiate                Conj/Tmut      0%           100%        5
 Iskenderun's Battlesphe  Conj           0%           100%        5
 Lee's Rapid Deconstruct  Erth           0%           100%        5
 Lightning Bolt           Conj/Air       0%           100%        5
 Metabolic Englaciation   Hex/Ice        0%           100%        5
 Silence                  Hex/Air        0%           100%        5
 Yara's Violent Unravell  Hex/Tmut       0%           100%        5
 Eringya's Noxious Bog    Tmut/Pois      0%           100%        6
 Hydra Form               Tmut           0%           100%        6
 Invisibility             Hex            0%           100%        6
 Iron Shot                Conj/Erth      0%           100%        6
 Shadow Creatures         Summ           N/A          100%        6
 Statue Form              Tmut/Erth      0%           100%        6
 Dragon Form              Tmut           0%           100%        7
 Orb of Destruction       Conj           0%           100%        7
 Spellforged Servitor     Conj/Summ      0%           100%        7
 Discord                  Hex            0%           100%        8
 Ignition                 Fire           0%           100%        8
 Dragon's Call            Summ           0%           100%        9
 Shatter                  Erth           0%           100%        9
 Tornado                  Air            0%           100%        9


Dungeon Overview and Level Annotations

Branches:
Dungeon (15/15)            Temple (1/1) D:4            Lair (6/6) D:11
  Swamp (4/4) Lair:2        Snake (4/4) Lair:3        Slime (5/5) Lair:5
    Orc (2/2) D:9             Elf (3/3) Orc:2        Vaults (5/5) D:14
  Crypt (0/3) Vaults:3     Depths (5/5) D:15            Zot (5/5) Depths:5
  IceCv (visited)         Volcano (visited)         Desolation (visited)

Altars:
Ashenzari
Cheibriados
Dithmenos
Elyvilon
Fedhas
Gozag
Hepliaklqana
Kikubaaqudgha
Makhleb
Nemelex Xobeh
Okawaru
Qazlal
Ru
Sif Muna
Trog
Uskayaw
Vehumet
Wu Jian
Xom
Yredelemnul
Zin
The Shining One
Beogh

Shops:
D:14 [   Orc:2 :(*:[   Elf:2 =   Elf:3 (![*(   Snake:2 (!*(   Snake:4 =}=
Vaults:2 (   Vaults:3 (   Vaults:5 [*   Depths:1 [   Depths:2 ?[=   Depths:3 *

Portals:
Hell: Depths:1 Depths:2 Depths:3 Depths:4 Depths:5
Abyss: Depths:2 Depths:3 Depths:4
Pandemonium: Depths:3
Ziggurat: Depths:5

Annotations:
D:10 2 transporters, quaternion's ghost, novice TrMo
Lair:5 exclusion: 4 oklob plants
Elf:1 6 runed translucent doors
Depths:4 3 runed translucent doors
Zot:4 1 transporter


Innate Abilities, Weirdness & Mutations

You are agile. (Dex +2)


Message History

You swap places.
Your leopard gecko bites the kobold.
The kobold dies!
The kobold's corpse dissolves into shadows!
Your hobgoblin hits the green death with a cursed -3 club.
The green death hits your hobgoblin!
Your hobgoblin dies!
Your hobgoblin's corpse dissolves into shadows!
Evoke which item? (* to show all) (? for menu, Esc to quit)
Aiming: Dig
Press: ? - help, Shift-Dir - straight line You can't see that place.
The rock shatters into small pieces.
Your leopard gecko bites the green death.
The green death gestures at you. The bolt of poison misses you.
Your leopard gecko bites the green death but does no damage.
The green death gestures at you. The poison arrow misses you.
There is a staircase leading out of the dungeon here.
You have escaped!

.....##
#..'...'..#
°####g##
#..#...#..# .#
##G## ####.#.####
.# ##l##
#..#.#.#..# .#
##2## #P.'...'.(#
## ##.##
#..#...#≈.#
##.########...####
##l2.....☼...#..#
######@.'...'..#
#[.#...#.P#
###########


You could see a green death and a friendly leopard gecko (summoned).

Vanquished Creatures
  the Royal Jelly (Slime:5)
  5 orbs of fire
  Mennas (Vaults:3)
  Mara (Snake:4)
  6 ancient liches
  A pandemonium lord (Zot:3)
  3 Killer Klowns
  the Lernaean hydra (Swamp:4)
  7 curse toes
  Vashnia (Snake:4)
  4 golden dragons
  2 electric golems
  Jorgrun (Orc:2)
  7 liches
  Rupert (D:12)
  13 tentacled monstrosities
  5 quicksilver dragons
  Asterion (Vaults:1)
  4 titans
  An Ice Fiend (D:7)
  The ghost of Akuuror the Warrior, an adept GrFi of Okawaru (Snake:4)
  2 deep elf master archers (Elf:3)
  23 Orb Guardians
  2 deep elf blademasters (Elf:3)
  The ghost of Zonian the Severer, an adept HOFi of Beogh (Snake:4)
  5 sphinxes
  An Executioner (D:6)
  21 acid blobs
  Agnes (Snake:1)
  2 ancient champions (Vaults:2)
  6 death cobs
  11 storm dragons
  Kirke (Snake:2)
  14 tengu reavers
  Donald (Vaults:3)
  15 shadow dragons
  5 draconian monks
  The ghost of p0werm0de the Warrior, a journeyman MiFi of Makhleb (Snake:4)
  8 nagarajas
  The ghost of mif the Severer, a journeyman MiBe of Trog (Snake:4)
  12 frost giants
  6 azure jellies
  A fenstrider witch (Swamp:3)
  2 ghost moths (Zot:3)
  11 vault wardens
  14 fire giants
  7 draconian scorchers
  A black sun (D:15)
  Aizul (Snake:1)
  3 iron dragons
  5 draconian knights
  A cacodemon (Depths:3)
  11 deep elf sorcerers
  7 draconian stormcallers
  4 deep elf elementalists (Elf:3)
  6 draconian annihilators
  16 ironheart preservers
  6 draconian shifters
  4 war gargoyles
  Louise (D:14)
  3 spriggan defenders
  12 very ugly things
  6 green draconians
  8 deep elf demonologists
  16 stone giants
  8 deep elf annihilators
  2 vampire knights
  9 bunyips
  10 purple draconians
  13 yellow draconians
  11 black draconians
  6 spark wasps
  4 entropy weavers
  14 red draconians
  13 white draconians
  4 eleionomae
  An eleionoma (shapeshifter) (Depths:2)
  10 deep elf death magi
  8 ettins
  Snorg (D:13)
  12 yaktaur captains
  6 death oozes (Slime:5)
  2 shambling mangroves
  13 great orbs of eyes
  5 rakshasas
  7 fire dragons
  A crystal guardian (Vaults:5)
  3 jiangshi (Depths:1)
  6 deep elf high priests
  14 naga warriors
  22 hydras
  11 boulder beetles
  14 ogre magi
  A servant of whispers (Vaults:2)
  15 ice dragons
  31 vault guards
  An anaconda (Snake:4)
  4 spriggan air magi
  9 catoblepae
  A ghost crab (Swamp:3)
  11 centaur warriors
  38 two-headed ogres
  4 alligators
  Erica (D:9)
  25 dancing weapons
  10 deep troll shamans
  2 death knights
  11 death yaks
  3 spriggan berserkers
  6 deep troll earth magi
  32 deep elf knights
  13 tengu warriors
  Nergalle (D:12)
  22 naga sharpshooters
  A vampire mage (Depths:1)
  2 shock serpents (shapeshifter)
  3 hell hogs (D:1)
  7 shock serpents
  A soul eater (D:15)
  Sonja (D:13)
  A sixfirhy (Depths:2)
  3 salamander mystics
  A skeletal warrior (Vaults:1)
  A sun demon (D:12)
  5 iron trolls
  8 unseen horrors
  2 hell knights
  2 shadow wraiths
  5 goliath frogs
  A fire crab (Volcano)
  4 glowing orange brains
  A large abomination (D:14)
  3 spriggan druids
  38 deep elf archers
  A torturous demonspawn (D:15)
  28 deep trolls
  A shadow dragon zombie (Depths:3)
  6 flayed ghosts
  7 naga ritualists
  9 swamp dragons
  2 bog bodies
  5 phantasmal warriors
  9 orc knights
  3 gelid demonspawn (Depths:3)
  7 wizards
  3 harpies (Vaults:4)
  2 necromancers
  10 ironbrand convokers
  An infernal demonspawn (D:15)
  A harpy (shapeshifter) (Depths:3)
  2 lindwurms
  An oklob plant (Lair:5)
  9 mana vipers
  75 deep elf magi
  11 salamanders
  9 orc sorcerers
  55 ugly things
  9 cyclopes
  A fire giant zombie (Depths:3)
  A manticore (shapeshifter) (Depths:3)
  3 will-o-the-wisps
  2 manticores (Lair:6)
  4 shining eyes
  2 wolf spiders (Vaults:2)
  34 black mambas
  15 moths of wrath
  3 ice statues (IceCv)
  4 elephants (Lair:5)
  8 apocalypse crabs (Zot:1)
  3 guardian serpents
  A black mamba (shapeshifter) (Depths:4)
  17 vault sentinels
  The ghost of Dracia the Slicer, a novice KoEn (D:6)
  3 eyes of devastation
  An orange demon (Depths:3)
  2 gargoyles
  2 molten gargoyles
  A torpor snail (Lair:2)
  13 cane toads
  4 centaur skeletons
  22 naga magi
  A komodo dragon (shapeshifter) (D:12)
  2 efreet (D:13)
  59 yaktaurs
  10 komodo dragons
  A redback zombie (D:13)
  4 rime drakes
  A demonic crawler (D:7)
  9 tengu conjurers
  2 hellwings
  A small abomination (Elf:3)
  An ice devil (Zot:3)
  7 freezing wraiths
  A red devil (Depths:4)
  A harpy zombie (D:15)
  A hornet (shapeshifter) (D:13)
  6 tyrant leeches
  A jumping spider (Vaults:5)
  Prince Ribbit (D:6)
  8 trolls
  12 polar bears
  7 saltlings (Vaults:2)
  19 hornets
  A meliai zombie (D:11)
  145 slime creatures
  A snapping turtle (shapeshifter) (Elf:1)
  15 blink frogs
  4 dream sheep (Lair:5)
  3 spriggans (shapeshifter)
  7 redbacks
  4 air elementals
  Sigmund (D:4)
  73 yaks
  2 wyverns
  12 spriggans
  A shadow (D:12)
  2 wraiths
  2 water elementals
  A human (shapeshifter) (D:11)
  A vampire (D:12)
  Eustachio (D:5)
  5 fire elementals
  4 hogs (Snake:2)
  A yak (shapeshifter) (Elf:2)
  9 fire bats
  6 golden eyes
  A steam dragon (shapeshifter) (Vaults:2)
  4 basilisks
  19 humans (D:14)
  An elf skeleton (Depths:3)
  9 vampire mosquitoes
  A steam dragon (Volcano)
  Menkaure (D:6)
  8 wargs
  15 swamp worms
  A soldier ant (shapeshifter) (Depths:3)
  5 acid dragons
  36 nagas
  14 water moccasins
  Duvessa (D:7)
  3 floating eyes
  A hell hound (Volcano)
  12 swamp drakes
  36 orc warriors
  A sky beast (shapeshifter) (Vaults:3)
  4 ice beasts
  An ice beast (shapeshifter) (Depths:2)
  2 black bears
  3 necrophages
  2 phantoms
  5 sky beasts
  8 eyes of draining
  32 wolves
  22 centaurs
  37 ogres
  13 boggarts
  Blork the orc (D:5)
  3 big kobolds
  15 bullfrogs
  4 gnoll sergeants (D:9)
  2 earth elementals
  Dowan (D:7)
  2 scorpions
  A wyvern skeleton (D:11)
  A water moccasin skeleton (D:6)
  13 wights
  8 killer bees
  3 elf simulacra
  2 electric eels
  5 howler monkeys
  3 jellies
  6 lava snakes (Volcano)
  A bullfrog zombie (D:8)
  4 centaur zombies
  A crimson imp (Depths:4)
  A human simulacrum (Vaults:2)
  24 orc priests
  4 hounds
  Crazy Yiuf (D:6)
  A bullfrog skeleton (D:8)
  54 orc wizards
  5 iguanas
  8 worker ants
  A killer bee zombie (D:6)
  A centaur simulacrum (D:9)
  2 hound zombies
  2 hound skeletons
  3 worker ant zombies
  2 gnolls (D:9)
  11 adders
  A shadow imp (D:9)
  8 white imps
  2 ufetubi
  3 oozes
  An adder zombie (D:5)
  2 adder skeletons (D:7)
  6 leopard geckos
  120 orcs
  11 giant cockroaches
  4 hobgoblins
  19 jackals
  3 quokkas
  2 ball pythons
  7 bats
  6 frilled lizards
  11 goblins
  16 kobolds
  A quokka simulacrum (D:9)
  15 rats
  A butterfly (Lair:5)
  2 crawling corpses (Elf:3)
  A fungus (Lair:5)
2518 creatures vanquished.

Vanquished Creatures (collateral kills)
  A boulder beetle (D:8)
1 creature vanquished.

Vanquished Creatures (others)
  An ancient lich (Zot:5)
  Nikola (Swamp:1)
  A deep elf annihilator (Elf:3)
  2 two-headed ogres (Vaults:2)
  A small abomination (Elf:3)
  A shadow wraith (Vaults:2)
  2 deep elf magi
  2 bloated husks
  An air elemental (Elf:3)
  A water elemental (Elf:1)
  A human (Snake:2)
  An ice beast (D:13)
  2 ogres
  A boggart (Vaults:1)
  A bullfrog skeleton (D:11)
  2 orc wizards
  3 orcs (Elf:1)
  A bush (Lair:4)
  13 foxfires
  17 fungi
  48 plants
  2 withered plants (Snake:4)
105 creatures vanquished.

Grand Total: 2624 creatures vanquished

Notes
Turn   | Place    | Note
-------+----------+-------------------------------------------
     0 | D:1      | Raspi the Hill Orc Fighter began the quest for the Orb.
     0 | D:1      | Reached XP level 1. HP: 19/19 MP: 1/1
    56 | D:1      | Reached XP level 2. HP: 24/27 MP: 2/2
   239 | D:1      | You fall into a shaft and drop 1 floor!
   239 | D:2      | Found a white marble altar of Elyvilon.
   515 | D:2      | Reached skill level 4 in Fighting
   521 | D:2      | Reached XP level 3. HP: 25/33 MP: 3/3
  1222 | D:1      | Found a broken altar of Ashenzari.
  1249 | D:1      | Reached XP level 4. HP: 40/40 MP: 4/4
  2374 | D:3      | Reached XP level 5. HP: 30/47 MP: 5/5
  3495 | D:4      | Found a bloodstained altar of Trog.
  3631 | D:4      | Noticed Sigmund
  3637 | D:4      | Killed Sigmund
  3638 | D:4      | Reached skill level 5 in Fighting
  3638 | D:4      | Reached XP level 6. HP: 56/56 MP: 6/6
  3673 | D:4      | Reached skill level 5 in Axes
  3803 | D:4      | Reached skill level 5 in Armour
  3803 | D:4      | Reached skill level 5 in Shields
  3843 | D:4      | Found a staircase to the Ecumenical Temple.
  3878 | D:4      | Noticed a phantom
  3900 | D:4      | Killed a phantom
  3901 | D:4      | Reached XP level 7. HP: 47/62 MP: 7/7
  3984 | Temple   | Entered the Ecumenical Temple
  4023 | Temple   | Became a worshipper of Qazlal Stormbringer
  4472 | D:5      | Entered Level 5 of the Dungeon
  4480 | D:5      | Reached skill level 6 in Fighting
  4650 | D:5      | Noticed Blork the orc
  4661 | D:5      | Reached XP level 8. HP: 33/71 MP: 8/8
  4676 | D:5      | Killed Blork the orc
  4735 | D:5      | Noticed Eustachio
  4759 | D:5      | Killed Eustachio
  4760 | D:5      | Reached skill level 7 in Fighting
  5015 | D:5      | Found an iron altar of Okawaru.
  5096 | D:5      | Found a radiant altar of Vehumet.
  5097 | D:5      | Found a glowing silver altar of Zin.
  5182 | D:6      | Noticed Prince Ribbit
  5201 | D:6      | Killed Prince Ribbit
  5538 | D:6      | Found an opulent altar of Gozag.
  5612 | D:6      | Reached skill level 10 in Axes
  5638 | D:6      | Reached skill level 8 in Fighting
  5681 | D:6      | Reached * piety under Qazlal
  5754 | D:6      | Reached XP level 9. HP: 81/81 MP: 9/9
  5807 | D:6      | Noticed Menkaure
  5813 | D:6      | Killed Menkaure
  6139 | D:6      | Found a burning altar of Makhleb.
  6146 | D:6      | Found a bloodstained altar of Trog.
  6410 | D:6      | Noticed Dracia's ghost (novice KoEn)
  6413 | D:6      | Found a runed translucent door.
  6684 | D:6      | Found a runed translucent door.
  6687 | D:6      | Noticed Crazy Yiuf
  6834 | D:6      | Killed Crazy Yiuf
  7082 | D:7      | Reached skill level 9 in Fighting
  7305 | D:7      | Found a blossoming altar of Fedhas.
  7345 | D:7      | Reached ** piety under Qazlal
  8018 | D:7      | Noticed Dowan
  8019 | D:7      | Noticed Duvessa
  8225 | D:7      | Killed Duvessa
  8235 | D:7      | Killed Dowan
  8340 | D:7      | Identified a scroll of acquirement
  8341 | D:7      | Acquired a scarf of resistance
  8390 | D:8      | Noticed a two-headed ogre
  8427 | D:8      | Reached skill level 1 in Invocations
  8434 | D:8      | Reached XP level 10. HP: 86/93 MP: 9/11
  8494 | D:8      | Killed a two-headed ogre
  8495 | D:8      | Reached skill level 10 in Fighting
  8495 | D:8      | Reached skill level 5 in Invocations
  8694 | D:8      | Noticed a seven-headed hydra
  8892 | D:8      | Noticed a +0 hand axe
  8892 | D:8      | Noticed a +0 dagger
  8897 | D:8      | Found a hide-covered altar of Uskayaw.
  8911 | D:8      | Killed an eight-headed hydra
  9236 | D:8      | Reached skill level 11 in Fighting
  9276 | D:8      | Reached *** piety under Qazlal
  9685 | D:8      | Noticed a boulder beetle
  9702 | D:8      | Killed a boulder beetle
  9990 | D:9      | Found a broken altar of Ashenzari.
 10002 | D:9      | Reached XP level 11. HP: 77/102 MP: 18/18
 10014 | D:8      | Reached skill level 10 in Invocations
 10171 | D:9      | Noticed a two-headed ogre
 10186 | D:9      | Noticed Erica
 10200 | D:9      | Killed Erica
 10710 | D:9      | Reached **** piety under Qazlal
 11270 | D:9      | Reached skill level 12 in Fighting
 11727 | D:9      | Found a staircase to the Orcish Mines.
 11949 | D:10     | Entered Level 10 of the Dungeon
 12068 | D:10     | Reached ***** piety under Qazlal
 12234 | D:10     | Found a transporter.
 12243 | D:10     | Found a transporter.
 12245 | D:10     | Identified the +8 great mace of Hirry {drain, Str+4}
 12245 | D:10     | Identified the +3 dire flail of Indomitability {vamp,
                  | Str+2}
 12245 | D:10     | Noticed a two-headed ogre
 12562 | D:10     | Noticed an unseen horror
 12571 | D:10     | Killed an unseen horror
 13013 | D:10     | Noticed quaternion's ghost (novice TrMo)
 13414 | D:11     | Found a frozen archway.
 13431 | IceCv    | Entered an ice cave
 13463 | IceCv    | Reached XP level 12. HP: 94/113 MP: 19/19
 13503 | IceCv    | Reached skill level 15 in Axes
 14684 | IceCv    | Noticed a frost giant
 14702 | IceCv    | Killed a frost giant
 14703 | IceCv    | Reached skill level 13 in Fighting
 14960 | IceCv    | Found the +8 frozen axe "Frostbite" {freezing cloud, *Noise
                  | +Fly rC+}
 14990 | IceCv    | Got a scorched halberd
 15430 | D:10     | Identified the cursed +1 halberd of Disgust {vorpal, rF++
                  | MP-9 Str+3} (You found it in an ice cave)
 15579 | D:11     | Found a staircase to the Lair.
 16368 | D:12     | Noticed an eight-headed hydra
 16371 | D:12     | Noticed Nergalle
 16376 | D:12     | Identified the +11 hunting sling of Syosuleu {vorpal,
                  | *Drain rF+ rN+}
 16655 | D:12     | Reached XP level 13. HP: 122/122 MP: 20/20
 16962 | D:12     | Killed Nergalle
 17321 | D:12     | Reached ****** piety under Qazlal
 17619 | D:12     | Noticed Rupert
 17647 | D:12     | Killed Rupert
 17648 | D:12     | Reached skill level 14 in Fighting
 18368 | Lair:1   | Entered Level 1 of the Lair of Beasts
 18811 | Lair:1   | Found a dark tunnel.
 18830 | Volcano  | Entered a volcano
 19199 | Volcano  | Found a bloodstained altar of Trog.
 19223 | Volcano  | Reached skill level 10 in Armour
 19223 | Volcano  | Reached skill level 10 in Shields
 19693 | Lair:2   | Reached XP level 14. HP: 133/133 MP: 21/21
 19831 | Lair:2   | Found a staircase to the Swamp.
 19885 | Lair:2   | Reached skill level 1 in Dodging
 20646 | Lair:3   | Found a staircase to the Snake Pit.
 21613 | Lair:4   | Found a transporter.
 21614 | Lair:4   | Found a transporter.
 21644 | Lair:4   | Reached skill level 15 in Fighting
 22212 | Lair:5   | Reached skill level 5 in Dodging
 22228 | Lair:5   | Found a staircase to the Slime Pits.
 23289 | Lair:6   | Entered Level 6 of the Lair of Beasts
 23310 | Lair:6   | Reached XP level 15. HP: 128/141 MP: 22/22
 24117 | Lair:6   | Reached skill level 16 in Fighting
 24574 | Lair:6   | Found the amulet of the Four Winds {rN+ Will+++ Clar}
 25244 | D:13     | Noticed Snorg
 25258 | D:13     | Noticed Sonja
 25261 | D:13     | Killed Snorg
 25271 | D:13     | Killed Sonja
 26035 | D:12     | Acquired the ring of Tauv {rF+ rN+ Str+3}
 26040 | D:12     | Acquired the +0 helmet "Ficov" {rPois Str+5 Dex+3}
 26056 | D:12     | Acquired 894 gold pieces
 26057 | D:12     | Acquired a manual of Dodging
 26083 | D:13     | You fall into a shaft and drop 2 floors!
 26083 | D:15     | Entered Level 15 of the Dungeon
 26122 | D:15     | Reached XP level 16. HP: 95/152 MP: 23/23
 26375 | D:13     | Reached skill level 10 in Dodging
 26464 | D:14     | Reached skill level 17 in Fighting
 26563 | D:14     | Found Reemol's Antique Armour Emporium.
 26722 | D:14     | Noticed Louise
 26728 | D:14     | Killed Louise
 27062 | D:14     | Found a gate to the Vaults.
 27219 | D:14     | Found a stormy altar of Qazlal.
 27687 | D:15     | Found a staircase to the Depths.
 27876 | Orc:1    | Entered Level 1 of the Orcish Mines
 28659 | Orc:2    | Entered Level 2 of the Orcish Mines
 29063 | Orc:2    | Found Poclye's Book Boutique.
 29063 | Orc:2    | Found Afirot's Weapon Emporium.
 29229 | Orc:2    | Noticed Jorgrun
 29237 | Orc:2    | Killed Jorgrun
 29317 | Orc:2    | Found Gorairoa's General Store.
 29503 | Orc:2    | Found a staircase to the Elven Halls.
 29546 | Orc:2    | Found a roughly hewn altar of Beogh.
 29677 | Orc:2    | Found Aluof's Armour Emporium.
 29677 | Orc:2    | Found Reim's Book Boutique.
 30373 | Orc:2    | Bought the +3 pair of gloves of Context {rF+} for 469 gold
                  | pieces
 30778 | D:15     | Reached skill level 18 in Fighting
 31503 | Snake:1  | Entered Level 1 of the Snake Pit
 31802 | Snake:1  | Noticed Agnes
 31812 | Snake:1  | Killed Agnes
 31813 | Snake:1  | Reached XP level 17. HP: 165/165 MP: 24/24
 32022 | Snake:1  | Noticed Aizul
 32037 | Snake:1  | Killed Aizul
 32910 | Snake:2  | Noticed Kirke
 32911 | Snake:2  | Found Tokk's General Store.
 32938 | Snake:2  | Killed Kirke
 33695 | Snake:2  | Found Mantirch's Distillery.
 33864 | Snake:2  | Found Wihutebe's Antique Weapon Shop.
 33876 | Snake:2  | Bought an ichor-stained war axe for 221 gold pieces
 33882 | Snake:2  | Identified the +5 war axe of Prudence {venom, rF+ Dex+2}
                  | (You bought it in a shop on level 2 of the Snake Pit)
 34156 | Snake:2  | Found Ryhov's Antique Weapon Shoppe.
 35713 | Snake:4  | Entered Level 4 of the Snake Pit
 35751 | Snake:4  | Found a blossoming altar of Fedhas.
 36035 | Snake:4  | Found a runed translucent gate.
 36036 | Snake:4  | Found a runed translucent gate.
 36039 | Snake:4  | Noticed p0werm0de's ghost (journeyman MiFi)
 36040 | Snake:4  | Noticed Akuuror's ghost (adept GrFi)
 36054 | Snake:4  | Noticed Mara
 36063 | Snake:4  | Noticed Vashnia
 36067 | Snake:4  | Noticed Raspi's illusion
 36077 | Snake:4  | Reached skill level 19 in Fighting
 36078 | Snake:4  | Killed Mara
 36105 | Snake:4  | Killed Vashnia
 36377 | Snake:4  | Found a runed translucent gate.
 36379 | Snake:4  | Noticed Zonian's ghost (adept HOFi)
 36380 | Snake:4  | Noticed mif's ghost (journeyman MiBe)
 36420 | Snake:4  | Reached XP level 18. HP: 163/176 MP: 19/27
 36834 | Snake:4  | Found Nareehal's Jewellery Shoppe.
 36837 | Snake:4  | Found Bavvy's Gadget Shop.
 36838 | Snake:4  | Found Tynereomm's Jewellery Shoppe.
 37448 | Snake:4  | Reached skill level 15 in Invocations
 37930 | Snake:4  | Got a serpentine rune of Zot
 38157 | Swamp:1  | Entered Level 1 of the Swamp
 38180 | Swamp:1  | Reached skill level 1 in Slings
 38337 | Swamp:1  | Noticed Nikola
 38628 | Swamp:1  | Killed Nikola
 38719 | Swamp:1  | Reached skill level 20 in Fighting
 39627 | Swamp:2  | Reached XP level 19. HP: 185/185 MP: 26/30
 40291 | Swamp:3  | Reached skill level 1 in Evocations
 40768 | Swamp:3  | Identified the +3 dagger "Jiasoum" {venom, +Fly rF+ Int+2}
 41432 | Swamp:4  | Entered Level 4 of the Swamp
 41496 | Swamp:4  | Reached skill level 15 in Shields
 41901 | Swamp:4  | Noticed the 27-headed Lernaean hydra
 41905 | Swamp:4  | Reached skill level 5 in Evocations
 42079 | Swamp:4  | Killed the 22-headed Lernaean hydra
 42582 | Swamp:4  | Got a decaying rune of Zot
 43271 | Vaults:1 | Entered Level 1 of the Vaults
 43423 | Vaults:1 | Noticed Asterion
 43438 | Vaults:1 | Killed Asterion
 44247 | Vaults:1 | Reached XP level 20. HP: 195/195 MP: 31/31
 45801 | Vaults:2 | Found a ruined gateway.
 45816 | Desolati | Entered the Desolation of Salt
 45890 | Vaults:2 | Reached skill level 21 in Fighting
 46311 | Vaults:2 | Found Qumnao's Antique Weapon Shop.
 47273 | Vaults:3 | Noticed Mennas
 47286 | Vaults:3 | Reached skill level 10 in Evocations
 47289 | Vaults:3 | Noticed Donald
 48150 | Elf:1    | Entered Level 1 of the Elven Halls
 48498 | Elf:1    | Found a runed translucent gate.
 48498 | Elf:1    | Found a runed translucent gate.
 48498 | Elf:1    | Found a runed translucent gate.
 48498 | Elf:1    | Found a runed translucent gate.
 48498 | Elf:1    | Found a runed translucent gate.
 48565 | Elf:1    | Found a runed translucent gate.
 48738 | Elf:1    | Reached XP level 21. HP: 205/205 MP: 32/32
 49701 | Elf:2    | Found a radiant altar of Vehumet.
 49749 | Elf:2    | Found Bufozaer's Jewellery Shoppe.
 50358 | Elf:2    | Found a runed translucent gate.
 50358 | Elf:2    | Found a runed translucent gate.
 50359 | Elf:2    | Found a runed translucent gate.
 50754 | Elf:2    | Reached skill level 22 in Fighting
 51428 | Elf:3    | Entered Level 3 of the Elven Halls
 51629 | Elf:3    | Found Ijiuk's General Store.
 52222 | Elf:3    | Identified the +3 spear "Duatalev" {holy, +Fly Str+4}
 52268 | Elf:3    | Identified the +5 plate armour of Indomitability {Regen+
                  | rCorr Dex-3 Slay+6}
 52749 | Elf:3    | Identified the +4 dire flail of the World {freeze, +Rage
                  | Str+3 Int+2}
 52749 | Elf:3    | Identified the +1 robe "Enuophiz" {Harm Rampage Will+ MP+9}
 52749 | Elf:3    | Identified the ring of the Skies Above {Will+ Stlth+}
 52779 | Elf:3    | Reached XP level 22. HP: 196/217 MP: 33/33
 53222 | Elf:3    | Found Vunau's Antique Weapon Shop.
 53225 | Elf:3    | Bought a glimmering war axe for 365 gold pieces
 53225 | Elf:3    | Identified the +4 war axe of Truncation {antimagic, +Blink
                  | Will+} (You bought it in a shop on level 3 of the Elven
                  | Halls)
 53251 | Elf:3    | Found Roatevol's Antique Armour Boutique.
 53260 | Elf:3    | Found Vefaoz's Distillery.
 53407 | Elf:3    | Found Jutasef's Antique Weapon Emporium.
 53550 | Elf:3    | Identified the Tome of the Oath and Poisoning
 53555 | Elf:3    | Identified the Papyrus of Contamination
 53745 | Elf:3    | Got a distressingly furry chain mail
 53746 | Elf:3    | Identified the +9 chain mail of the Realm of Zot {Int+3
                  | Dex+3} (You found it on level 3 of the Elven Halls)
 54073 | Elf:3    | Bought the -2 hat of the Alchemist {rElec rPois rF+ rC+ rN+
                  | Will+ rMut rCorr} for 1416 gold pieces
 54073 | Elf:3    | Found the -2 hat of the Alchemist {rElec rPois rF+ rC+ rN+
                  | Will+ rMut rCorr}
 54401 | D:6      | Killed Dracia's ghost
 54843 | Elf:3    | Bought a scroll of blinking for 127 gold pieces
 54843 | Elf:3    | Bought a scroll of fog for 34 gold pieces
 54843 | Elf:3    | Bought a scroll of teleportation for 51 gold pieces
 55270 | Vaults:3 | Killed Donald
 55271 | Vaults:3 | Reached skill level 15 in Armour
 55332 | Vaults:3 | Killed Mennas
 55596 | Vaults:3 | Reached skill level 1 in Polearms
 55838 | Vaults:3 | Found a staircase to the Crypt.
 55838 | Vaults:3 | Found a basalt altar of Yredelemnul.
 56164 | Vaults:3 | Found an ancient bone altar of Kikubaaqudgha.
 56460 | Vaults:3 | Found Feepul's Antique Weapon Shoppe.
 56565 | Vaults:4 | Reached skill level 23 in Fighting
 57036 | Vaults:4 | Reached XP level 23. HP: 209/226 MP: 36/36
 57041 | Vaults:4 | Reached skill level 5 in Polearms
 58426 | Depths:1 | Entered Level 1 of the Depths
 58426 | Depths:1 | Found Zorev's Antique Armour Shoppe.
 58462 | Depths:1 | Got a clouded platinum amulet
 58470 | D:15     | Identified the amulet "Laamois" {RegenMP rElec Will++ Str-4
                  | Int+4} (You found it on level 1 of the Depths)
 58646 | Depths:1 | Bought a pair of runed boots for 315 gold pieces
 59027 | Depths:1 | Found a glowing golden altar of the Shining One.
 59115 | Depths:1 | Found a gateway to Hell.
 59332 | Depths:2 | Found Nokh's Jewellery Shop.
 59374 | Depths:2 | Found Rikhlinun's Antique Armour Boutique.
 59470 | Depths:2 | Found Lebop's Magic Scroll Shop.
 59585 | Depths:2 | Reached XP level 24. HP: 230/237 MP: 37/37
 59698 | Depths:2 | Got an ichor-stained mace
 59699 | Depths:2 | Identified the +8 mace "Vijofis" {antimagic, +Blink rC+
                  | Str+4} (You found it on level 2 of the Depths)
 59912 | Depths:2 | Reached skill level 24 in Fighting
 59980 | Depths:2 | Found a one-way gate to the infinite horrors of the Abyss.
 60242 | Depths:3 | You fall into a shaft and drop 2 floors!
 60242 | Depths:5 | Entered Level 5 of the Depths
 60785 | Depths:3 | Found Jynton's Pet Rocks.
 61461 | Depths:3 | Found a one-way gate leading to the halls of Pandemonium.
 61739 | Depths:4 | Found a runed translucent gate.
 61952 | Depths:4 | Found a runed translucent gate.
 61952 | Depths:4 | Found a runed translucent gate.
 62551 | Depths:5 | Paralysed by a floating eye for 4 turns
 62564 | Depths:5 | Paralysed by a floating eye for 3 turns
 62749 | Depths:5 | Found a gateway to a ziggurat.
 62764 | Depths:5 | Reached XP level 25. HP: 232/247 MP: 37/37
 63051 | Depths:5 | Paralysed by a floating eye for 3 turns
 63197 | Depths:5 | Found a gate to the Realm of Zot.
 64392 | Snake:2  | Bought a potion of haste for 170 gold pieces
 64392 | Snake:2  | Bought a potion of heal wounds for 85 gold pieces
 64392 | Snake:2  | Bought a potion of cancellation for 136 gold pieces
 64392 | Snake:2  | Bought a potion of invisibility for 136 gold pieces
 64392 | Snake:2  | Bought a potion of haste for 170 gold pieces
 64470 | Snake:4  | Killed Zonian's ghost
 64478 | Snake:4  | Killed mif's ghost
 64479 | Snake:4  | Reached skill level 25 in Fighting
 64479 | Snake:4  | Killed p0werm0de's ghost
 64488 | Snake:4  | Killed Akuuror's ghost
 64821 | Elf:3    | Bought a potion of heal wounds for 85 gold pieces
 64821 | Elf:3    | Bought a potion of heal wounds for 85 gold pieces
 64821 | Elf:3    | Bought a potion of heal wounds for 85 gold pieces
 64821 | Elf:3    | Bought a potion of might for 68 gold pieces
 65322 | Vaults:5 | Entered Level 5 of the Vaults
 65789 | Vaults:4 | Reached XP level 26. HP: 84/259 MP: 38/38
 66141 | Vaults:3 | Bought a runed broad axe for 203 gold pieces
 66371 | Vaults:5 | Noticed an ancient lich
 66381 | Vaults:5 | Killed an ancient lich
 66421 | Vaults:5 | Noticed an ancient lich
 66436 | Vaults:4 | Killed an ancient lich
 66703 | Vaults:5 | Found Qeguwk's Armour Shoppe.
 66708 | Vaults:5 | Found Requdas's Assorted Antiques.
 66716 | Vaults:5 | Bought a scroll of teleportation for 132 gold pieces
 66766 | Vaults:5 | Found the +3 hat of Pondering {ponderous, Will+ MP+10
                  | Int+5}
 66783 | Vaults:5 | Identified the +5 trident "Olisotsu" {holy, Int+2}
 66829 | Vaults:5 | Found the +15 Maxwell's patent armour {-Cast -Tele rElec
                  | Will+ rCorr}
 67118 | Vaults:5 | Found the +9 scales of the Dragon King {rPois rF+ rC+
                  | Will+}
 67195 | Vaults:5 | Got a silver rune of Zot
 67308 | Vaults:5 | Reached skill level 26 in Fighting
 68282 | Slime:1  | Entered Level 1 of the Pits of Slime
 68740 | Slime:5  | Entered Level 5 of the Pits of Slime
 68757 | Slime:5  | Reached XP level 27. HP: 255/269 MP: 22/39
 68782 | Slime:5  | Noticed the Royal Jelly
 68888 | Slime:5  | Killed the Royal Jelly
 69150 | Slime:5  | Got a slimy rune of Zot
 69218 | Slime:5  | Identified the ring of Cackewod {rPois rF+ Dex+2 SInv} (You
                  | found it on level 5 of the Pits of Slime)
 69426 | Lair:5   | Acquired 782 gold pieces
 69679 | Depths:2 | Bought a smouldering plate armour for 1008 gold pieces
 69679 | Depths:2 | Identified the +8 plate armour "Rookec" {rF+ Str+4} (You
                  | bought it in a shop on level 2 of the Depths)
 69760 | Zot:1    | Entered Level 1 of the Realm of Zot
 70348 | Zot:1    | Reached skill level 15 in Dodging
 70589 | Zot:2    | Reached skill level 27 in Fighting
 70611 | Zot:2    | Noticed an orb of fire
 70614 | Zot:2    | Noticed an orb of fire
 70748 | Zot:2    | Killed an orb of fire
 70759 | Zot:2    | Killed an orb of fire
 72384 | Vaults:5 | Identified a +1 pair of boots of running (You found it on
                  | level 5 of the Vaults)
 74257 | Zot:4    | Found the +0 mask of the Dragon {Will+ Slay+3 SInv}
 74283 | Zot:4    | Found a transporter.
 75259 | Zot:5    | Entered Level 5 of the Realm of Zot
 75788 | Zot:5    | Noticed an orb of fire
 75795 | Zot:5    | Noticed an orb of fire
 75890 | Zot:5    | Noticed an orb of fire
 75905 | Zot:4    | Killed an orb of fire
 75945 | Zot:5    | Noticed an ancient lich
 75948 | Zot:5    | Noticed an ancient lich
 75955 | Zot:4    | Killed an orb of fire
 76020 | Zot:5    | Noticed an ancient lich
 76023 | Zot:5    | Noticed an ancient lich
 76024 | Zot:5    | Killed an ancient lich
 76025 | Zot:5    | Gained mutation: You are agile. (Dex +2) [an orb of fire]
 76078 | Zot:5    | Killed an ancient lich
 76082 | Zot:5    | Killed an ancient lich
 76089 | Zot:5    | Killed an ancient lich
 76091 | Zot:5    | Killed an orb of fire
 76094 | Zot:5    | Noticed an ancient lich
 76108 | Zot:5    | Killed an ancient lich
 76380 | Zot:5    | Got the Orb of Zot
 76397 | Zot:4    | Noticed Gosch the pandemonium lord
 76431 | Zot:4    | Noticed Goegresifo the pandemonium lord
 76489 | Zot:3    | Killed Goegresifo the pandemonium lord
 76985 | D:$      | Escaped with the Orb!

Illustrated notes

Levels and vault maps discovered:
D:1:      dpeg_arrival_prison, layout_loops_ring, minivault_19,
          evilmike_ruin_ashenzari
D:2:      layout_basic, elyvilon_altar_3
D:3:      layout_loops_cross
D:4:      layout_loops_ring, temple_doors_e, trog_hazing_becter, uniq_sigmund
D:5:      layout_rooms, gammafunk_temple_overflow_pools, okawaru_gym_becter,
          minmay_misc_feat_doors, hex_medium, uniq_blork_the_orc, uniq_eustachio
D:6:      layout_loops_corners, grunt_gozag_breadcrumbs, minitemple,
          hellmonk_ghost_happy_afterlife, uniq_menkaure, uniq_prince_ribbit1,
          uniq_crazy_yiuf_cottage
D:7:      layout_cave_pods, lemuel_round_altar, uniq_duvessa
D:8:      layout_loops_ring, dancing_weapons_uskayaw, minmay_the_grid_2x2
          [minmay_the_grid_small_cups, minmay_the_grid_stretched_grid,
          minmay_the_grid_spin_star, minmay_the_grid_prize_inner_circle]
D:9:      layout_loops_ring, nicolae_overflow_crystal_walls,
          kennysheep_orc_monster_closet_entryway, serial_ice, serial_ice_h,
          serial_ice_g, serial_ice_l, serial_ice_b, serial_ice_e,
          minmay_fractal_squares_gapless_5, uniq_erica
D:10:     layout_layer_cave, gammafunk_ghost_smash, wad_rectangle_vault
D:11:     layout_cave_pods, lair_entry_dummy, portal_ice_cave_entry_pillars_1,
          lemuel_flamethrower_2
D:12:     layout_basic, kennysheep_pointless_box, kb_rosetta, uniq_nergalle,
          uniq_rupert
D:13:     layout_loops_cross, basic_altar, amcnicky_mini_pool_medium,
          uniq_sonja, uniq_snorg
D:14:     layout_cave_pods, grunt_vaults_entry_tiered,
          hangedman_abyss_or_decor_stabs, serial_shops, kennysheep_mini_moat,
          drop_trap, grunt_qazlal_sundering, uniq_louise
D:15:     hangedman_depths_entry_civil_slaughter, layout_irregular_city,
          gauntlet_entry_generic, chequers_serial_rivers_micro_c, st_stairs_14
Temple:   nicolae_temple_x_marks_the_god
Lair:1:   layout_loops_ring, nicolae_volcano_entry_lava_flow
Lair:2:   layout_gridlike, swamp_mist, hangedman_lair_generics_rect,
          infiniplex_staircase_pool_2, serial_bayou_shore_a
Lair:3:   layout_cave_pods, guppyfry_snake_entry_garden, st_stairs_13,
          grunt_megastairs_5, serial_bayou_shore_b
Lair:4:   gammafunk_boulding_lane, layout_long_grid, small_statue_intersection
Lair:5:   layout_regular_city, minmay_slime_entry_oklob_open, serial_rivers,
          chequers_serial_rivers_micro_e, chequers_serial_rivers_micro_d,
          chequers_serial_rivers_room_a, chequers_serial_rivers_micro_d,
          chequers_serial_rivers_large_a, chequers_serial_rivers_micro_e,
          st_stairs_6, beast_lair_carwin_1, lemuel_fruit_fields,
          minmay_lair_oklob_chamber
Lair:6:   evilmike_catoblepas_cave, layout_cave_pods
Swamp:1:  layout_basic_swamp, evilmike_swamp_ruin_house_2, uniq_nikola
Swamp:2:  layout_falls_marsh, evilmike_swamp_ruin_rubble_2, swamp_pool1,
          nicolae_swamp_treefoil
Swamp:3:  layout_basic_swamp, hangedman_swamp_ruin_wall
Swamp:4:  swamp, layout_basic_swamp, nicolae_swamp_dragon_and_kin
Snake:1:  layout_chambers, uniq_aizul, uniq_agnes
Snake:2:  layout_onion, serial_shops, shop_statue, shop, nicolae_shop_stone,
          shop, chequers_hall_statues_wall_a, uniq_kirke
Snake:3:  layout_grid_shapes, nicolae_snake_round_shape_thing
Snake:4:  snake_pit, layout_cave_town, basic_altar, gammafunk_ghost_cemetery,
          minmay_shop_grove, uniq_vashnia, uniq_mara
Slime:1:  layout_caves
Slime:2:  layout_caves
Slime:3:  layout_caves, basic_altar
Slime:4:  layout_caves
Slime:5
Orc:1:    layout_diamond_mine, nicolae_orc_lava_tube
Orc:2:    st_orc_town, layout_diamond_mine, serial_shops, shop_statue,
          mines2_lemuel, uniq_jorgrun
Elf:1:    minmay_elf_arrival_summoners, layout_geoelf_octagon, orc_legates,
          glass_columns_a
Elf:2:    layout_geoelf_octagon, serial_shops, nicolae_shop_waterfront,
          amcnicky_altar_gilded
Elf:3:    grunt_elf_hall_branching, layout_loops_corners, serial_shops, shop,
          nicolae_shop_trees, shop, nicolae_shop_trees, nicolae_shop_stone,
          kennysheep_underground_church
Vaults:1: nicolae_vaults_theta, nicolae_vaults_little_ls,
          nicolae_vaults_what_the_h, nicolae_vaults_little_squares_4,
          v_alt_pattern_2, grunt_vaults_hallway_short,
          nicolae_vaults_mini_display_case, hangedman_vaults_trim,
          vaults_standard_mumra_x, vaults_dpeg_encased_lava,
          layout_vaults_chaotic_city, uniq_asterion
Vaults:2: ontoclasm_vaults_decontamination, v_misc_12, v_rooms_1, v_misc_24,
          hangedman_vaults_maws, grunt_vaults_focal,
          ontoclasm_vaults_loading_screen, ontoclasm_vaults_loading_screen,
          v_misc_33, nicolae_vaults_network_periphery, v_misc_27,
          ontoclasm_vaults_loading_screen, nicolae_vaults_shelves_hall,
          sword_in_stone, layout_vaults_omnicross,
          portal_desolation_entry_nicolae_slug, serial_shops,
          nicolae_shop_temple_entry_statues_fountains
Vaults:3: minmay_crypt_entry_necro_gods, hangedman_vaults_nodes,
          hangedman_vaults_stagger, v_misc_9, nicolae_vaults_big_ls, v_misc_22,
          vaults_room_large_hall, vaults_room_fours, st_more_cells,
          ontoclasm_vaults_gateway, v_misc_23, v_misc_26, v_misc_14,
          vaults_dpeg_diagonal, layout_vaults_omnibox, serial_shops,
          shop_fountains, uniq_donald, uniq_mennas
Vaults:4: nicolae_vaults_network_star, vaults_room_door_ring, v_misc_16,
          nicolae_vaults_triangles, hangedman_vaults_corner,
          nicolae_vaults_little_squares_2, v_pattern_5, hangedman_vaults_pinch,
          grunt_vaults_hallway_long, grunt_vaults_funnel,
          nicolae_vaults_little_squares_4, layout_vaults_ring
Vaults:5
Depths:1: layout_cave_pools, serial_shops, shop, roderic_serpentine_path,
          hell_entry, tso_metal_star, serial_bayou_shore_b
Depths:2: kennysheep_bubbly, layout_cave_pools, grunt_hell_entry_dis_mu,
          abyss_entry, minmay_shop_star
Depths:3: minmay_textured_paths, layout_basic, abyss_entry_glasseish,
          serial_glass, glass_columns_a, glass_columns_b, glass_columns_a,
          glass_columns_a, glass_columns_b, glass_columns_a, hell_entry,
          rand_demon_pan_entry_7, guppyfry_shop_earth
Depths:4: minmay_curly_fans, layout_cave_pools, hellmouth_1,
          hangedman_decor_riveting, abyss_entry, pandoras_box_mu,
          minmay_staircase_bubble
Depths:5: grunt_x_marks_the_spot, layout_basic, enter_ziggurat_d, hell_entry,
          minmay_misc_feat_square
Zot:1:    gammafunk_mikee_crab_dinner, layout_onion
Zot:2:    kennysheep_room_grid, layout_cathedral_of_symmetry
Zot:3:    layout_gridlike
Zot:4:    lemuel_draconian_sentries_small, layout_gridlike,
          chequers_guarded_unrand_mask_of_the_dragon
Zot:5:    layout_misc_corridors

Skill      XL: |  1  2  3  4  5  6  7  8  9 10 11 12 13 14 15 16 17 18 19 20 21 22 23 24 25 26 27 |
---------------+----------------------------------------------------------------------------------+-----
Axes           | 3 4 5 7 10 13 14 16 17 18 19 | 19.3
Fighting       | 4 5 6 8 9 11 12 13 14 15 16 18 19 20 21 22 23 24 25 26 27 | 27.0
Armour         | 4 5 6 8 10 11 13 14 15 16 18 20 | 20.7
Shields        | 4 5 6 8 10 11 12 13 14 15 18 26 | 26.7
Invocations    | 2 9 10 13 15 18 20 21 23 24 | 24.7
Dodging        | 6 9 13 14 17 | 17.9
Slings         | 3 |  3.4
Evocations     | 7 11 12 | 12.0
Polearms       | 4 5 |  5.3

Action                   |  1- 3 |  4- 6 |  7- 9 | 10-12 | 13-15 | 16-18 | 19-21 | 22-24 | 25-27 || total
-------------------------+-------+-------+-------+-------+-------+-------+-------+-------+-------++-------
Melee: War axe           |   101 |   226 |   362 |   747 |   761 |  1177 |  1265 |  1274 |   314 ||  6227
       Trident           |       |       |       |    18 |       |       |       |       |       ||    18
       Morningstar       |       |       |       |       |    18 |       |       |       |       ||    18
       Broad axe         |       |       |       |       |       |       |    68 |       |  1265 ||  1333
Throw: Dart              |       |       |     6 |     1 |     4 |     5 |    31 |     6 |       ||    53
Invok: Elemental Force   |       |       |       |     1 |       |       |     2 |       |       ||     3
       Upheaval          |       |       |       |       |     4 |    25 |    32 |     5 |    14 ||    80
       Disaster Area     |       |       |       |       |       |     2 |     3 |     1 |     4 ||    10
Evoke: Wand              |       |       |       |    15 |    10 |     1 |    25 |     8 |    25 ||    84
  Use: Scroll            |       |    16 |     8 |    13 |    13 |     8 |    12 |     9 |    31 ||   110
       Potion            |       |     1 |     4 |     5 |     5 |     4 |    14 |     2 |     3 ||    38
 Stab: Petrified         |       |       |       |       |     8 |       |       |     5 |       ||    13
       Fleeing           |       |       |       |       |       |     1 |       |       |       ||     1
       Confused          |       |       |       |       |       |       |     1 |       |       ||     1
       Distracted        |       |       |       |       |       |       |     1 |       |       ||     1
Armor: Scale mail        |    55 |    74 |       |       |       |       |       |       |       ||   129
       Chain mail        |       |    54 |   164 |   231 |    97 |       |       |       |       ||   546
       Plate armour      |       |       |       |       |   120 |   175 |   296 |   333 |   454 ||  1378
Dodge: Dodged            |    26 |    77 |    56 |   118 |    89 |   261 |   309 |   256 |   415 ||  1607
       Repelled          |       |       |       |     1 |     6 |    39 |    27 |     7 |    40 ||   120
Block: Kite shield       |    57 |   111 |   194 |   499 |       |       |       |       |       ||   861
       Tower shield      |       |       |       |    71 |   841 |  1672 |  1489 |  1418 |  1994 ||  7485
